 Dungeon Crawl Stone Soup version 0.32-a0-17-gb74e046682 (webtiles) character file.

Game seed: 5632350504060697876

15322 miscthings the Carver (level 12, -18/100 HPs)
             Began as an Oni Shapeshifter on Jan 16, 2024.
             Was a Follower of Ru.
             Demolished by a very large slime creature (42 damage)
             ... on level 13 of the Dungeon.
             The game lasted 00:26:08 (10597 turns).

miscthings the Carver (Oni Shapeshifter)           Turns: 10597, Time: 00:26:08

Health: -18/100    AC:  8    Str: 20    XL:     12   Next: 25%
Magic:  10/10      EV:  8    Int: 15    God:    Ru [*.....]
Gold:   1531       SH: 14    Dex: 17    Spells: 11/11 levels left

rFire   + . .        C - +7 Throatcutter {drain, coup de grace}
rCold   + . .        f - +0 kite shield
rNeg    . . .        Q - +2 robe {rC+ rF+}
rPois   +            (helmet restricted)
rElec   +            k - +2 cloak
rCorr   .            (gloves unavailable)
SInv    +            (boots unavailable)
Will    +....        H - amulet of Kaiboel {Reflect ^Drain rElec rPois Dex+6 SH+5} Stlth
                     w - ring of protection from cold
HPRegen 0.36/turn    O - ring of see invisible
MPRegen 0.12/turn

%: reflection
@: no status effects
A: large, unfitting armour, horns 1, tough skin 1, no stealth, no conjurations
magic, no fire magic, no alchemy magic, double potion healing, drunken brawling,
clever 1, low MP 1, cold vulnerability 1, noise suppression
a: Renounce Religion


You were on level 13 of the Dungeon.
You worshipped Ru.
Ru was aware of your devotion.
You visited 2 branches of the dungeon, and saw 13 of its levels.
You also visited: Ossuary and Bailey.

You collected 2083 gold pieces.
You spent 552 gold pieces at shops.

Inventory:

Hand Weapons
 z - a +4 whip of electrocution
 C - the +7 Throatcutter (weapon) {drain, coup de grace}
   (You found it on level 4 of the Dungeon)
Missiles
 t - 2 curare-tipped darts
 I - 3 throwing nets (quivered)
Armour
 f - a +0 kite shield (worn)
 k - a +2 cloak (worn)
 Q - a +2 robe of resistance (worn)
 X - +0 acid dragon scales
Jewellery
 i - a ring of fire
 p - a ring of flight
 w - a ring of protection from cold (left hand)
 y - a ring of wizardry
 H - the amulet of Kaiboel (around neck) {Reflect ^Drain rElec rPois Dex+6 SH+5}
   (You acquired it in a bailey)

   [amulet of reflection]

   Reflect:   It reflects blocked missile attacks.
   Dex+6:     It affects your dexterity (+6).
   rElec:     It insulates you from electricity.
   rPois:     It protects you from poison ^Drain: It drains your maximum health
   when unequipped.
   SH+5:      It affects your SH (+5).
 J - the amulet of Ynyleapn {RegenMP rN+ Dex+3}
   (You found it on level 6 of the Dungeon)

   [amulet of magic regeneration]

   RegenMP:   It increases your rate of magic regeneration.
   Dex+3:     It affects your dexterity (+3).
   rN+:       It protects you from negative energy.
 O - a ring of see invisible (right hand)
Talismans
 c - a beast talisman
 d - a flux talisman
 s - a talisman of death
 D - a maw talisman
Wands
 E - a wand of mindburst (5)
 G - a wand of roots (5)
 N - a wand of digging (2)
 R - a wand of flame (4)
 S - a wand of polymorph (4)
Scrolls
 a - a scroll of immolation
 e - 2 scrolls of noise
 g - 2 scrolls of fear
 h - a scroll of vulnerability {unknown}
 j - 2 scrolls of silence
 l - 4 scrolls of revelation
 o - 3 scrolls of teleportation
 q - 3 scrolls of enchant armour
 u - a scroll of poison
 A - a scroll of amnesia {unknown}
 K - a scroll of enchant weapon
 L - 2 scrolls of blinking
 P - 4 scrolls of fog
Potions
 b - 3 potions of might
 m - a potion of resistance
 n - a potion of heal wounds
 v - a potion of haste
 x - 5 potions of brilliance
 B - a potion of cancellation
 F - 2 potions of magic
 M - a potion of invisibility {unknown}
 T - a potion of attraction
 V - a potion of mutation
 W - a potion of curing


   Skills:
 - Level 1.3 Fighting
 + Level 13.8 Long Blades
 - Level 3.0 Throwing
 - Level 1.7 Dodging
 - Level 3.0 Shields
 - Level 2.6 Unarmed Combat
 - Level 4.0 Evocations
 - Level 10.0 Shapeshifting


You had 11 spell levels left.
You didn't know any spells.
Your spell library contained the following spells:

 Spells                   Type           Power      Damage    Failure   Level
 Call Imp                 Summ           0%         N/A       69%         2
 Ensorcelled Hibernation  Hex/Ice        0%         N/A       69%         2
 Sublimation of Blood     Necr           0%         N/A       69%         2
 Gell's Gravitas          Tloc           0%         N/A       89%         3
 Passwall                 Erth           0%         N/A       89%         3
 Swiftness                Air            0%         N/A       89%         3
 Teleport Other           Tloc           0%         N/A       89%         3
 Dispersal                Tloc           0%         N/A       100%        6
 Summon Hydra             Summ           0%         N/A       100%        7


Dungeon Overview and Level Annotations

Branches:
Dungeon (13/15)            Temple (1/1) D:5            Lair (0/5) D:10
    Orc (0/2) D:10        Ossuary (visited)          Bailey (visited)
 Vaults: D:13-14

Altars:
Ashenzari
Cheibriados
Dithmenos
Elyvilon
Fedhas
Gozag
Hepliaklqana
Kikubaaqudgha
Makhleb
Nemelex Xobeh
Okawaru
Qazlal
Ru
Sif Muna
Trog
Uskayaw
Vehumet
Wu Jian
Xom
Yredelemnul
Zin
The Shining One

Shops:
D:9 !*(:(

Annotations:
D:10 1 runed translucent door, exclusion: oklob plant


Innate Abilities, Weirdness & Mutations

You are too large for most types of armour.
You have a pair of small horns on your head.
You have tough skin. (AC +1)
You cannot be stealthy.
You cannot study or cast Conjurations magic.
You cannot study or cast Fire magic.
You cannot study or cast Alchemy magic.
You gain doubled healing and magic from potions.
Whenever you drink a healing potion, you attack all around you.
Your mind is acute. (Int +4, Str/Dex -1)
Your magical capacity is low. (-10% MP)
You are vulnerable to cold. (rC-)
You passively dampen the noise of your surroundings.


Message History

The slime creature hits you but does no damage.
The slime creature hits you! The slime creature barely misses you.
Two slime creatures merge to form a large slime creature.
The slime creature hits you!
The slime creature attacks as it pursues you!
You block the slime creature's attack.
There is a stone staircase leading up here.
The slime creature attacks as it pursues you!
The slime creature hits you but does no damage.
The slime creature attacks as it pursues you!
You block the slime creature's attack.
The slime creature attacks as it pursues you!
The slime creature hits you!
You hit the slime creature. You headbutt the slime creature.
The slime creature is lightly wounded.
You block the slime creature's attack.
You barely miss the slime creature.
Your headbutt misses the slime creature.
You block the slime creature's attack.
You slash the slime creature! You drain the slime creature.
The slime creature is moderately wounded.
The slime creature barely misses you. You block the slime creature's attack.
The large slime creature hits you!
Two slime creatures merge to form a very large slime creature.
You hit the slime creature. You drain the slime creature.
The slime creature is moderately wounded.
The slime creature hits you!
* * * LOW HITPOINT WARNING * * *
Aiming: Paralyse
Press: ? - help, Shift-Dir - straight line, f - very large slime creature
Aim: a very large slime creature (moderately wounded, lightly drained, chance to affect: 45%)
The very large slime creature resists with some effort.
You block the slime creature's attack.
Aiming: Paralyse
Press: ? - help, Shift-Dir - straight line, f/p - very large slime creature
Aim: a very large slime creature (moderately wounded, lightly drained, chance to affect: 45%)
The very large slime creature resists with some effort.
The now-empty wand crumbles to dust.
The slime creature barely misses you.
The very large slime creature hits you!!!
You die...

#####..########..# #..#
#..###### #..# #.......#
######..########.......#
.......................#
.................>.....#
######.<...............#
#.................#
#.........@.......#
##.........JJ......#
................######
................#
.................#
..........)......####
........$..<........J.
.....................
.......)..$....#####


You could see a very large slime creature (drained) and a slime creature
(drained).

Vanquished Creatures
  3 two-headed ogres
  Lodul (D:10)
  2 orc knights (Bailey)
  An orc sorcerer (Bailey)
  An oklob plant (D:10)
  6 slime creatures (D:13)
  A kobold demonologist (Bailey)
  A hornet (D:8)
  A shadow (D:9)
  Sigmund (D:5)
  A wyvern (D:6)
  4 yaks (D:9)
  2 steam dragons
  Eustachio (D:6)
  Duvessa (D:5)
  A water moccasin (D:5)
  An acid dragon (D:10)
  A black bear (D:6)
  14 orc warriors
  3 ice beasts
  11 ogres
  A centaur (D:5)
  3 kobold brigands
  3 gnoll sergeants
  4 bullfrogs
  12 scorpions
  20 wights
  Dowan (D:5)
  23 killer bees
  3 electric eels
  2 howler monkeys
  A bombardier beetle (D:6)
  A jelly (D:7)
  8 hounds
  2 centaur zombies (Ossuary)
  4 gnoll boudas
  3 orc priests
  6 orc wizards
  2 iguanas (D:6)
  A sleepcap (D:7)
  Ijyb (D:4)
  3 ogre zombies (Ossuary)
  7 mummies (Ossuary)
  Robin (D:3)
  24 gnolls
  13 adders
  4 white imps
  5 adder zombies (Ossuary)
  2 dart slugs (D:5)
  21 orcs
  5 ball pythons
  6 endoplasms
  5 giant cockroaches
  A gnoll zombie (Ossuary)
  11 goblins
  13 hobgoblins
  9 jackals
  16 kobolds
  7 quokkas
  6 bats
  2 frilled lizards (D:2)
  2 goblin zombies (Ossuary)
  4 hobgoblin zombies (Ossuary)
  5 kobold zombies (Ossuary)
  2 quokka zombies (Ossuary)
  2 rats (D:1)
  6 rat zombies (Ossuary)
  A butterfly (D:10)
342 creatures vanquished.

Notes
Turn   | Place    | Note
-------+----------+-------------------------------------------
     0 | D:1      | miscthings the Oni Shapeshifter began the quest for the
                  | Orb.
     0 | D:1      | Reached XP level 1. HP: 19/19 MP: 1/1
   341 | D:1      | Reached XP level 2. HP: 25/27 MP: 2/2
   459 | D:1      | Found Hareil's Weapon Boutique.
  1234 | D:2      | Reached XP level 3. HP: 28/33 MP: 3/3
  1342 | D:2      | Found a faded altar of an unknown god.
  1469 | D:2      | Reached XP level 4. HP: 22/41 MP: 4/4
  1669 | D:3      | Noticed an ice beast
  1684 | D:3      | Killed an ice beast
  1685 | D:3      | Reached skill level 5 in Shapeshifting
  1685 | D:3      | Reached XP level 5. HP: 48/48 MP: 5/5
  1993 | D:3      | Noticed Robin
  2014 | D:3      | Killed Robin
  2078 | D:3      | Reached XP level 6. HP: 45/55 MP: 6/6
  2960 | D:4      | Found the +7 Throatcutter {drain, coup de grace}
  3172 | D:4      | Noticed Ijyb
  3180 | D:4      | Killed Ijyb
  3181 | D:4      | Found a glowing golden altar of the Shining One.
  3311 | D:4      | Reached skill level 1 in Long Blades
  3483 | D:5      | Entered Level 5 of the Dungeon
  3491 | D:5      | Reached XP level 7. HP: 29/62 MP: 7/7
  3612 | D:5      | Noticed Duvessa
  3619 | D:5      | Noticed Dowan
  3623 | D:5      | Killed Duvessa
  3624 | D:5      | Reached skill level 2 in Long Blades
  3630 | D:5      | Killed Dowan
  3682 | D:5      | Found a staircase to the Ecumenical Temple.
  3689 | Temple   | Entered the Ecumenical Temple
  3698 | Temple   | Became a worshipper of Ru the Awakened
  3744 | D:5      | Reached skill level 3 in Long Blades
  3843 | D:5      | Reached XP level 8. HP: 64/70 MP: 8/8
  4074 | D:5      | Reached skill level 4 in Long Blades
  4421 | D:5      | Noticed Sigmund
  4426 | D:5      | Killed Sigmund
  4427 | D:5      | Reached skill level 5 in Long Blades
  4428 | D:5      | Found a glowing silver altar of Zin.
  4693 | D:6      | Identified the amulet of Ynyleapn {RegenMP rN+ Dex+3}
  4704 | D:6      | Reached XP level 9. HP: 54/76 MP: 9/9
  4730 | D:6      | Reached skill level 6 in Long Blades
  4756 | D:6      | Gained mutation: You cannot be stealthy. [Ru sacrifice]
  4759 | D:6      | Found a sand-covered staircase.
  4773 | Ossuary  | Entered an ossuary
  5317 | D:6      | Reached skill level 7 in Long Blades
  5557 | D:6      | Noticed Eustachio
  5565 | D:6      | Killed Eustachio
  5566 | D:6      | Reached skill level 10 in Shapeshifting
  5914 | D:7      | Reached skill level 1 in Throwing
  6093 | D:7      | Reached skill level 1 in Shields
  6093 | D:7      | Reached skill level 1 in Evocations
  6251 | D:7      | Reached XP level 10. HP: 43/84 MP: 10/10
  6256 | D:7      | Gained mutation: You cannot study or cast Fire magic. [Ru
                  | sacrifice]
  6256 | D:7      | Gained mutation: You cannot study or cast Alchemy magic.
                  | [Ru sacrifice]
  6256 | D:7      | Gained mutation: You cannot study or cast Conjurations
                  | magic. [Ru sacrifice]
  6256 | D:7      | Reached * piety under Ru
  6273 | D:7      | HP: 2/126 [wight/+0 long sword (6)]
  6558 | D:7      | Gained mutation: You are resistant to electric shocks.
                  | (rElec) [potion of mutation]
  6558 | D:7      | Gained mutation: Your muscles are strong. (Str +4, Int/Dex
                  | -1) [potion of mutation]
  6558 | D:7      | Gained mutation: You are frail. (-10% HP) [potion of
                  | mutation]
  6558 | D:7      | Gained mutation: Your mind is acute. (Int +4, Str/Dex -1)
                  | [potion of mutation]
  6702 | D:7      | Reached skill level 8 in Long Blades
  6985 | D:8      | Found a flagged portal.
  6993 | D:8      | Identified the +5 hand axe "Hacli" {antimagic, rN+ Will+}
  7017 | Bailey   | Entered a bailey
  7321 | Bailey   | Reached skill level 9 in Long Blades
  7643 | Bailey   | Acquired the amulet of Kaiboel {Reflect ^Drain rElec rPois
                  | Dex+6 SH+5}
  7655 | Bailey   | Lost mutation: You are resistant to electric shocks.
                  | (rElec) [potion of mutation]
  7655 | Bailey   | Lost mutation: You are frail. (-10% HP) [potion of
                  | mutation]
  7655 | Bailey   | Lost mutation: Your muscles are strong. (Str +4, Int/Dex
                  | -1) [potion of mutation]
  7655 | Bailey   | Gained mutation: Your magical capacity is low. (-10% MP)
                  | [potion of mutation]
  7655 | Bailey   | Gained mutation: You are vulnerable to cold. (rC-) [potion
                  | of mutation]
  7655 | Bailey   | Gained mutation: You passively dampen the noise of your
                  | surroundings. [potion of mutation]
  7656 | Bailey   | Acquired 1083 gold pieces
  7660 | Bailey   | Noticed an orc sorcerer
  7671 | Bailey   | Noticed an orc knight
  7673 | Bailey   | Killed an orc sorcerer
  7674 | Bailey   | Reached XP level 11. HP: 89/91 MP: 9/9
  7689 | Bailey   | Killed an orc knight
  7690 | Bailey   | Reached skill level 10 in Long Blades
  7832 | Bailey   | Found an iron altar of Okawaru.
  8119 | Bailey   | Noticed an orc knight
  8129 | Bailey   | Killed an orc knight
  8510 | D:8      | Reached skill level 11 in Long Blades
  8625 | D:8      | Found a shimmering altar of Xom.
  8774 | D:9      | Found Seazall's Assorted Antiques.
  8800 | D:9      | Bought a green potion for 18 gold pieces
  8800 | D:9      | Bought a glass wand for 84 gold pieces
  8804 | D:9      | Found a shadowy altar of Dithmenos.
  8821 | D:9      | Noticed a two-headed ogre
  8836 | D:9      | Killed a two-headed ogre
  8887 | D:9      | Found Avody's Antique Weapon Emporium.
  8933 | D:9      | Found Faocvang's Book Shoppe.
  8940 | D:9      | Found Hoquos's Weapon Shop.
  9209 | D:9      | Found Qion's Distillery.
  9282 | D:9      | Bought a potion of attraction for 45 gold pieces
  9282 | D:9      | Bought a potion of ambrosia for 120 gold pieces
  9282 | D:9      | Bought a potion of mutation for 120 gold pieces
  9282 | D:9      | Bought a potion of curing for 45 gold pieces
  9282 | D:9      | Bought 2 potions of might for 120 gold pieces
  9396 | D:10     | Entered Level 10 of the Dungeon
  9445 | D:10     | Noticed Lodul
  9463 | D:10     | Reached skill level 12 in Long Blades
  9476 | D:10     | Killed Lodul
  9541 | D:10     | Found a staircase to the Orcish Mines.
  9583 | D:10     | Found a staircase to the Lair.
  9749 | D:10     | Noticed an oklob plant
  9749 | D:10     | Noticed an oklob plant
  9757 | D:10     | Killed an oklob plant
 10051 | D:10     | Found a runed translucent door.
 10053 | D:10     | Found a runed translucent door.
 10089 | D:10     | Noticed a two-headed ogre
 10096 | D:10     | Killed a two-headed ogre
 10097 | D:10     | Reached skill level 13 in Long Blades
 10097 | D:10     | Reached XP level 12. HP: 100/100 MP: 10/10
 10244 | D:10     | You fall into a shaft and drop 3 floors!
 10555 | D:13     | Noticed a two-headed ogre
 10566 | D:13     | Killed a two-headed ogre
 10597 | D:13     | Demolished by a very large slime creature

Illustrated notes

Levels and vault maps discovered:
D:1:      dpeg_arrival_circle_labyrinth_a, layout_basic, serial_shops, shop
D:2:      layout_rooms, dreamdust_ecumenical_altar_angels_and_demons
D:3:      minmay_evil_eye, layout_basic, uniq_robin
D:4:      layout_loops_ring, mainiacjoe_overflow_brackets, uniq_ijyb
D:5:      layout_cave_pods, mainiacjoe_overflow_24_doors,
          minmay_temple_entry_fiery, serial_gnoll_camp, gnoll_camp_mini_house,
          gnoll_camp_mini_hut, gnoll_camp_mini_hut, gnoll_camp_mini_basic,
          uniq_sigmund, uniq_duvessa
D:6:      layout_gridville, enter_ossuary_3, uniq_eustachio
D:7:      layout_loops_ring
D:8:      layout_cave_pools, mainiacjoe_overflow_surrounded_room, enter_bailey_2
D:9:      layout_basic, grunt_dithmenos_shadows, serial_shops,
          nicolae_shop_hallway_plus, shop, nicolae_shop_stone, shop,
          nicolae_shop_waterfront
D:10:     lemuel_insect_pit, layout_basic, dpeg_oklobed_lair, orc_0_dummy,
          serial_library_hellmonk_u_bend, uniq_lodul
D:12:     layout_irregular_city, dreamdust_princess_bridge, uniq_sonja
D:13:     layout_small_grid
Temple:   regret_index_temple_mists

Skill      XL: |  1  2  3  4  5  6  7  8  9 10 11 |
---------------+----------------------------------+-----
Shapeshifting  | 4 5 6 7 8 10 | 10.0
Long Blades    | 1 3 5 7 9 13 | 13.8
Throwing       | 1 3 |  3.0
Shields        | 1 3 |  3.0
Evocations     | 1 4 |  4.0
Fighting       | |  1.3
Dodging        | |  1.7
Unarmed Combat | |  2.6

Action                     |  1- 3 |  4- 6 |  7- 9 | 10-12 || total
---------------------------+-------+-------+-------+-------++-------
  Melee: Unarmed           |    83 |   172 |       |       ||   255
         Headbutt          |    12 |    31 |    36 |    80 ||   159
         Punch             |     2 |       |       |       ||     2
         Long sword        |       |    34 |   242 |   438 ||   714
  Throw: Throwing net      |       |       |       |     2 ||     2
         Dart              |       |       |       |     5 ||     5
 Invoke: Sacrifice Stealth |       |       |     1 |       ||     1
         Sacrifice Arcana  |       |       |       |     1 ||     1
         Reject Sacrifices |       |       |       |     1 ||     1
  Evoke: Wand              |       |     2 |     2 |    11 ||    15
    Use: Scroll            |       |       |     8 |    15 ||    23
         Potion            |       |       |     2 |    10 ||    12
   Stab: Sleeping          |     1 |     1 |       |       ||     2
         Paralysed         |       |    10 |       |    10 ||    20
         Held in net/web   |       |       |       |     2 ||     2
         Distracted        |       |       |       |     2 ||     2
 Armour: Animal skin       |    65 |    47 |     2 |       ||   114
         Skin              |       |    63 |       |    56 ||   119
         Robe              |       |       |   144 |   206 ||   350
  Dodge: Dodged            |    31 |   115 |    88 |    85 ||   319
  Block: Kite shield       |       |    10 |    91 |   205 ||   306
         Reflection        |       |       |       |     1 ||     1
   Form: Flux              |       |     1 |       |       ||     1
                           |       |     1 |       |       ||     1

Table legend: (Time is in decaauts)
 A = Elapsed time spent in this place.
 B = Non-inter-level travel time spent in this place.
 C = Inter-level travel time spent in this place.
 D = Time resting spent in this place.
 E = Time spent auto-exploring this place.
 F = Levels seen in this place.
 G = Mean time per level.
                   A        B        C        D        E       F      G
               +--------+--------+--------+--------+--------+-----+--------+
         Total |  10669 |  10352 |    317 |   2024 |   5612 |  15 |  711.3 |
       Dungeon |   8908 |   8601 |    307 |   1252 |   5238 |  12 |  742.3 |
        Temple |     18 |      9 |      9 |      0 |      0 |   1 |   18.0 |
       Ossuary |    410 |    410 |      0 |      0 |    215 |   1 |  410.0 |
        Bailey |   1332 |   1332 |      0 |    772 |    159 |   1 | 1332.0 |
               +--------+--------+--------+--------+--------+-----+--------+

Top non-repeatable levels by time:
  Bailey: 1332 daAuts
     D:7: 1276 daAuts
     D:1: 1109 daAuts
     D:5: 1056 daAuts
     D:3: 1035 daAuts
     D:4: 949 daAuts
    D:10: 840 daAuts
     D:9: 632 daAuts
     D:8: 612 daAuts
     D:2: 549 daAuts
     D:6: 501 daAuts
 Ossuary: 410 daAuts
    D:13: 341 daAuts
  Temple: 18 daAuts
    D:12: 4 daAuts
